Map: Neon Violet Square LE

Players

Bourbond

  • Race: Terran Terran
  • League: Master
  • Spawn Location: 11:00

llllllllllll - Winner!

  • Race: Terran Terran
  • League: Master
  • Spawn Location: 5:00

VOD

Have the link to the VOD?

Description

Time

  • Played on: Dec. 25, 2017, 3:24 p.m.
  • Length: 29:31
Show
View Real Time Build Order
Export as new Build Order

Bourbond Terran 

Build Orders: Cyclone Opening, Reaper Expand 

Get SALT Encoding   

  12  0:00  SCV  
  13  0:13  SCV  
  14  0:18  Supply Depot  
  14  0:25  SCV  
  15  0:31  Refinery  
  15  0:39  SCV  
  16  0:45  Barracks  
  16  0:51  SCV  
  17  1:03  SCV  
  18  1:15  SCV  
  19  1:33  Reaper, Orbital Command  
  20  1:51  Command Center  
  20  1:59  Factory  
  20  2:05  Marine  
  21  2:12  Supply Depot  
  21  2:23  Marine  
  21  2:24  SCV  
  23  2:33  Refinery  
  23  2:36  SCV  
  24  2:46  Cyclone  
  24  2:48  SCV  
  28  3:00  Marine, SCV  
  28  3:04  Orbital Command  
  30  3:09  Starport  
  30  3:12  SCV  
  31  3:18  Marine  
  32  3:24  SCV  
  32  3:25  Cyclone  
  36  3:30  Orbital Command  
  36  3:31  Liberator  
  36  3:36  Marine, SCV  
  38  3:50  SCV  
  42  3:58  SCV  
  42  3:59  Barracks Reactor  
  42  4:00  Factory Tech Lab  
  43  4:07  SCV  
  44  4:10  SCV  
  44  4:12  Engineering Bay  
  45  4:17  Supply Depot  
  45  4:18  Supply Depot  
  45  4:19  SCV  
  46  4:30  Factory Tech Lab  
  46  4:32  SCV  
  46  4:39  SCV  
  46  4:44  SCV  
  46  4:45  Marine x2  
  49  4:51  SCV  
  48  4:58  Raven  
  50  5:03  Marine, Missile Turret  
  50  5:05  Missile Turret, SCV x2  
  53  5:15  Siege Tank  
  53  5:17  Command Center, SCV  
  53  5:18  SCV  
  58  5:24  Refinery x2  
  58  5:29  SCV  
  58  5:30  SCV  
  60  5:37  Supply Depot  
  60  5:38  Missile Turret  
  60  5:39  Supply Depot  
  60  5:40  Marine  
  60  5:41  SCV  
  62  5:58  Viking, SCV x2  
  62  6:00  Supply Depot, Siege Tank  
  62  6:01  Marine x2  
  71  6:04  Terran Infantry Weapons Level 1  
  71  6:10  SCV x2  
  73  6:20  Marine x2  
  73  6:21  Missile Turret  
  73  6:22  SCV x2  
  73  6:25  Barracks  
  75  6:37  SCV  
  75  6:44  Missile Turret  
  75  6:45  Engineering Bay  
  75  6:50  Barracks x2  
  75  6:53  SCV  
  76  6:58  SCV  
  76  6:59  Orbital Command  
  77  7:05  SCV  
  77  7:06  Starport Reactor  
  78  7:10  Stimpack  
  78  7:14  Terran Infantry Armor Level 1  
  78  7:18  Armory  
  78  7:22  Marine, SCV  
  79  7:34  SCV x2, Barracks  
  79  7:35  Factory, SCV  
  82  7:38  Refinery, Barracks  
  82  7:40  Marine x2, Refinery  
  85  7:46  SCV x2  
  85  7:47  SCV, Barracks Reactor  
  85  7:48  Supply Depot  
  87  7:51  Starport Reactor  
  87  7:52  Marine x3  
  87  7:58  SCV  
  86  8:05  Siege Tank  
  88  8:17  Missile Turret, Barracks Reactor  
  88  8:21  Terran Infantry Weapons Level 2, Terran Vehicle Weapons Level 1  
  87  8:30  Marine, SCV x2  
  87  8:31  Marine x3  
  87  8:32  Viking x2  
  87  8:34  Barracks Reactor  
  97  8:37  SCV  
  97  8:38  Factory Tech Lab  
  97  8:42  SCV x2, Barracks  
  97  8:43  Barracks  
  97  8:44  Barracks  
  99  8:54  Marine x6  
  99  8:55  Marine  
  105  9:02  Viking x2  
  109  9:05  Missile Turret  
  109  9:08  Missile Turret  
  109  9:15  SCV  
  109  9:23  Supply Depot  
  109  9:41  Barracks Reactor  
  109  9:44  Marine x3, Viking x2  
  109  9:45  SCV  
  117  9:52  Missile Turret x2  
  117  9:53  Missile Turret  
  117  9:57  Marine x2  
  117  9:59  Supply Depot, Marine x4, Siege Tank  
  124  10:02  Marine x2  
  123  10:13  Siege Tank  
  123  10:14  Viking  
  123  10:16  Marine x3  
  123  10:18  Marine  
  123  10:19  Marine  
  125  10:28  Missile Turret  
  118  10:47  Marine x8  
  124  10:50  Viking  
  124  10:55  Viking, Supply Depot, Engineering Bay  
  126  10:59  Refinery  
  126  11:02  Supply Depot, Terran Infantry Weapons Level 3  
  126  11:03  Marine  
  127  11:04  Engineering Bay  
  127  11:12  Barracks Reactor x2  
  127  11:13  Marine x3  
  127  11:15  Command Center  
  127  11:18  Marine  
  130  11:20  Medivac  
  130  11:24  SCV  
  134  11:39  Marine  
  135  11:40  Marine  
  135  11:42  Terran Infantry Armor Level 2  
  135  11:43  Supply Depot x2  
  135  11:44  Supply Depot  
  135  11:46  Terran Vehicle Weapons Level 2, SCV  
  137  11:49  Siege Tank  
  137  11:53  SCV  
  137  11:54  SCV  
  142  12:17  Marine x2  
  142  12:18  Marine x4  
  142  12:19  Medivac x2  
  149  12:28  Marine  
  141  12:55  Combat Shields  
  141  12:58  Building Armor  
  135  13:01  Supply Depot  
  135  13:02  Orbital Command  
  135  13:03  Orbital Command  
  131  13:06  Refinery  
  126  13:14  SCV x2  
  126  13:19  Refinery  
  125  13:26  SCV x2  
  115  13:38  SCV x2  
  105  13:44  Marine x3  
  105  13:45  Barracks Reactor  
  105  13:48  Supply Depot  
  108  13:49  Supply Depot  
  108  13:50  SCV x4  
  112  14:02  SCV x3  
  114  14:09  Missile Turret x2  
  115  14:12  Missile Turret  
  115  14:13  SCV  
  115  14:14  Missile Turret, Terran Infantry Armor Level 3  
  116  14:19  Siege Tank  
  119  14:28  Marine x2  
  119  14:29  Marine x3  
  119  14:31  SCV x2  
  112  14:47  Marine x3  
  112  14:48  Marine x5  
  112  14:49  Concussive Shells  
  120  14:56  Marine x4  
  124  15:03  Marine  
  124  15:04  Marine x2  
  124  15:24  Marine x4  
  124  15:25  Marine x4  
  124  15:26  Siege Tank x2  
  124  15:27  Medivac x2  
  124  15:28  SCV  
  143  15:30  SCV  
  139  15:37  Refinery  
  138  15:42  SCV  
  138  15:43  SCV  
  138  15:45  Starport  
  139  15:53  Marine  
  139  15:54  Marine  
  141  16:04  Factory Tech Lab  
  141  16:12  Raven  
  141  16:13  Marine x2  
  141  16:14  Marine x6  
  141  16:15  Marine x4  
  141  16:16  Siege Tank  
  157  16:27  Terran Vehicle Weapons Level 3  
  157  16:35  Siege Tank  
  157  16:38  Starport Reactor  
  157  16:39  Hi-Sec Auto Tracking  
  160  16:48  Siege Tank  
  160  16:53  Missile Turret x2  
  160  16:54  Missile Turret  
  163  16:57  Missile Turret  
  160  17:06  Missile Turret  
  159  17:11  Viking  
  159  17:13  Marine x2  
  163  17:21  Marine x5  
  168  17:27  Missile Turret  
  168  17:28  Missile Turret  
  168  17:30  Viking x2  
  168  17:33  Starport  
  168  17:34  Starport  
  172  17:41  Viking  
  174  17:49  Marine x6  
  174  17:50  Siege Tank  
  183  17:55  Missile Turret x2  
  183  17:59  SCV  
  183  18:00  Viking  
  183  18:02  Fusion Core  
  186  18:09  Armory  
  186  18:28  Marine x3  
  186  18:29  Starport Reactor  
  186  18:31  Starport Tech Lab x2  
  185  18:53  Marine x2  
  174  19:04  Terran Vehicle And Ship Armor Level 1  
  174  19:22  Marine  
  174  19:23  Marine x8  
  174  19:24  Viking x2  
  185  19:26  Battlecruiser  
  185  19:27  Terran Ship Weapons Level 1  
  193  19:45  Orbital Command  
  187  19:53  Command Center  
  187  19:57  Viking x2  
  191  20:04  Weapon Refit  
  191  20:13  SCV x2  
  191  20:14  SCV  
  194  20:29  SCV x2  
  194  20:30  Supply Depot  
  196  20:51  Viking, SCV x2  
  196  20:56  SCV x2  
  197  21:06  Planetary Fortress  
  197  21:08  Viking  
  171  21:37  Marine, Viking  
  171  21:38  Medivac x4  
  178  21:40  SCV x3  
  178  21:42  Refinery  
  180  21:50  Orbital Command  
  180  21:52  SCV  
  181  22:00  Marine  
  181  22:01  Thor x2  
  194  22:02  Marine x6  
  194  22:04  Terran Ship Weapons Level 2  
  194  22:05  Terran Vehicle And Ship Armor Level 2  
  200  22:10  Refinery  
  200  22:11  Refinery  
  200  22:18  Missile Turret  
  200  22:35  Neosteel Frame  
  197  22:55  Missile Turret  
  197  22:56  Missile Turret  
  197  22:57  Missile Turret  
  153  23:18  Battlecruiser  
  153  23:19  Viking x3, Battlecruiser  
  131  23:37  Marine x9  
  131  23:38  Marine x6  
  143  23:49  Viking  
  143  23:55  Marine x3  
  145  24:00  Marine x2  
  150  24:02  Marine  
  150  24:03  Marine x3  
  116  24:41  Marine x4  
  116  24:42  Marine x6  
  111  24:50  Viking  
  111  24:51  Viking x2  
  107  25:12  Marine, Medivac x2  
  107  25:13  Marine  
  113  25:20  Viking  
  113  25:36  Marine x2  
  113  25:37  Marine x6  
  121  25:54  SCV  
  120  26:06  SCV  
  120  26:11  Terran Ship Weapons Level 3  
  121  26:17  Terran Vehicle And Ship Armor Level 3  
  121  26:18  SCV  
  100  26:33  Marine x2  
  100  26:38  Marine  
  100  26:39  Marine x4  
  90  26:52  Viking  
  91  27:11  Viking x2  
  91  27:36  Viking x2  
  77  27:45  Orbital Command  
  77  27:53  Marine  
  77  27:54  Marine  
Show
View Real Time Build Order
Export as new Build Order

llllllllllll Terran - Winner!

Build Orders:  

Get SALT Encoding   

  12  0:01  SCV  
  13  0:13  SCV  
  14  0:19  Supply Depot  
  14  0:29  Refinery  
  14  0:44  SCV  
  15  0:59  SCV, Barracks  
  15  1:01  Refinery  
  16  1:11  SCV  
  17  1:23  SCV  
  18  1:35  SCV  
  19  1:47  Factory  
  19  1:48  Marine, SCV  
  21  1:56  Supply Depot  
  21  2:06  Orbital Command, Marine  
  21  2:36  Factory  
  20  2:38  SCV  
  20  2:43  Supply Depot  
  21  2:51  SCV  
  21  3:03  SCV  
  22  3:15  SCV  
  22  3:18  Command Center  
  23  3:27  SCV  
  23  3:30  Cyclone  
  27  3:39  SCV  
  28  3:51  SCV  
  28  3:53  Starport x2  
  29  4:03  SCV  
  30  4:12  Cyclone  
  30  4:15  SCV  
  34  4:27  SCV  
  34  4:30  Starport Tech Lab x2  
  35  4:31  Refinery  
  35  4:39  SCV  
  36  4:52  SCV  
  34  4:56  Supply Depot  
  34  4:58  Banshee x2  
  34  4:59  Cloaking Field  
  40  5:04  SCV  
  40  5:06  Hellion  
  43  5:07  Supply Depot  
  40  5:21  SCV x2  
  42  5:35  SCV  
  43  5:46  Banshee  
  43  5:48  SCV  
  47  5:52  SCV  
  50  6:04  Hellion  
  50  6:05  Banshee  
  50  6:11  Supply Depot  
  53  6:13  SCV  
  54  6:29  Viking  
  56  6:40  SCV  
  57  6:48  Viking  
  57  6:49  Command Center  
  57  6:50  SCV  
  60  6:55  SCV  
  60  6:59  Viking  
  60  7:01  Cyclone  
  66  7:02  Supply Depot, SCV  
  67  7:09  Refinery  
  67  7:10  SCV  
  68  7:22  Viking  
  70  7:23  SCV  
  70  7:25  SCV  
  72  7:34  Supply Depot  
  72  7:35  SCV  
  73  8:03  Banshee, Viking  
  78  8:33  Viking  
  78  8:39  Engineering Bay  
  78  8:46  Raven  
  80  8:55  Factory Tech Lab  
  80  8:56  SCV x3  
  80  9:03  Banshee  
  80  9:08  SCV x3  
  83  9:20  SCV  
  84  9:24  Planetary Fortress  
  84  9:29  Viking  
  86  9:33  SCV x2  
  88  9:39  Siege Tank  
  88  9:45  SCV  
  92  9:46  Banshee  
  95  9:55  SCV  
  95  9:58  Banshee  
  97  10:11  Siege Tank  
  98  10:29  Banshee  
  101  10:41  Banshee  
  96  10:43  Siege Tank  
  88  11:04  SCV x2  
  90  11:05  SCV  
  91  11:11  Refinery  
  91  11:12  Banshee  
  91  11:13  Refinery  
  91  11:15  Siege Tank  
  91  11:16  SCV x2  
  91  11:17  SCV  
  100  11:20  Missile Turret  
  100  11:22  Missile Turret  
  100  11:28  Missile Turret, SCV  
  100  11:30  Missile Turret  
  101  11:35  Command Center  
  101  11:44  Hi-Sec Auto Tracking  
  101  11:45  Missile Turret  
  101  11:46  Missile Turret  
  101  11:47  Missile Turret  
  101  11:51  Supply Depot  
  101  12:11  Command Center  
  101  12:12  Banshee, SCV  
  101  12:13  Siege Tank, SCV x2  
  101  12:14  Banshee  
  104  12:25  SCV  
  95  12:45  Siege Tank  
  95  12:48  SCV x3  
  101  12:55  Viking  
  101  12:57  Viking  
  105  13:00  SCV x3  
  108  13:05  Refinery  
  108  13:06  Refinery  
  108  13:10  Armory  
  108  13:12  SCV x3  
  110  13:17  Siege Tank  
  114  13:24  SCV x2  
  114  13:25  Viking, SCV  
  116  13:27  Viking  
  113  13:36  SCV  
  113  13:37  SCV x2  
  111  13:48  SCV  
  111  13:49  SCV x2  
  111  13:52  Refinery  
  111  13:55  Viking, SCV  
  114  13:57  Viking  
  114  14:01  SCV x3  
  120  14:07  SCV  
  120  14:15  Terran Ship Weapons Level 1  
  120  14:16  Armory  
  120  14:20  Starport, Command Center  
  120  14:22  Fusion Core  
  119  14:25  Viking  
  119  14:27  Viking  
  123  14:31  SCV x3  
  123  14:55  Viking  
  123  14:56  Starport Tech Lab  
  123  14:57  Viking  
  123  14:59  Missile Turret  
  107  15:25  Terran Vehicle And Ship Armor Level 1, Viking  
  107  15:26  SCV  
  110  15:30  Missile Turret  
  110  15:31  Missile Turret  
  110  15:46  Battlecruiser x2  
  122  15:54  Refinery  
  122  15:55  Battlecruiser  
  128  15:57  Refinery  
  128  16:08  SCV  
  129  16:12  Refinery  
  129  16:17  Terran Ship Weapons Level 2  
  129  16:24  Barracks  
  128  16:38  SCV  
  128  16:39  Hellion  
  131  16:50  Battlecruiser  
  137  17:01  Hellion  
  139  17:11  Missile Turret  
  139  17:19  SCV x3  
  139  17:22  SCV  
  139  17:23  Hellion  
  139  17:28  Barracks Reactor  
  139  17:29  Command Center  
  139  17:30  Terran Vehicle And Ship Armor Level 2  
  139  17:31  Supply Depot  
  139  17:32  Supply Depot  
  139  17:36  Supply Depot  
  139  17:45  Planetary Fortress  
  139  17:47  Orbital Command  
  139  17:52  SCV x2  
  139  17:53  Supply Depot, Hellion  
  139  17:54  Battlecruiser x2  
  139  17:57  Weapon Refit  
  139  17:58  Battlecruiser  
  161  18:05  SCV  
  162  18:09  Supply Depot  
  162  18:12  Supply Depot  
  162  18:15  Hellion  
  162  18:17  Factory, SCV  
  165  18:31  Starport  
  165  18:35  Supply Depot  
  165  18:37  Hellion  
  159  18:50  SCV  
  158  18:58  Hellion, Battlecruiser x2  
  158  19:02  Command Center, Battlecruiser  
  156  19:15  Hellion  
  158  19:33  Starport Tech Lab  
  157  20:00  Terran Ship Weapons Level 3  
  157  20:02  Viking x2  
  157  20:06  Battlecruiser  
  167  20:15  Battlecruiser  
  173  20:27  Hellion x2  
  177  20:32  Battlecruiser x2  
  189  20:47  Command Center  
  179  21:25  Hellion  
  179  21:26  Hellion, Battlecruiser  
  179  21:27  Battlecruiser  
  146  21:36  Battlecruiser x2  
  154  21:44  Hellion  
  154  21:47  Hellion  
  158  21:50  Command Center  
  158  21:55  Terran Vehicle And Ship Armor Level 3  
  158  21:59  SCV x2  
  158  22:00  SCV  
  161  22:04  Hellion  
  163  22:11  SCV  
  160  22:18  Sensor Tower  
  160  22:25  Missile Turret x2  
  159  22:31  Battlecruiser x2  
  159  22:33  Hellion x2  
  174  22:41  Battlecruiser x2  
  180  23:06  Hellion  
  180  23:10  Hellion  
  179  23:13  Hellion  
  152  23:28  Hellion  
  152  23:32  Hellion  
  149  23:35  Hellion, Battlecruiser x2  
  163  23:49  Hellion  
  157  24:36  Battlecruiser  
  157  24:38  Battlecruiser  
  123  24:48  Battlecruiser  
  119  25:22  Orbital Command  
  103  26:25  Refinery  
  87  26:52  Hellion x3, SCV  
  94  27:05  SCV  
  95  27:17  SCV  
  96  27:29  SCV  
  97  27:55  Battlecruiser  
Tags
 
Add a new tag
Caveats
  • Supply blocks, unpowered buildings, or Contaminate may cause inaccurate times.
  • Supply counts are checked every 10 seconds.